AoeStats
← 化劲省二

Arabia

507274077Analyzed
1v1 RM · 16d ago on Sep 17, 2026· 14m 49s· 2 players
Game mode
Random Map
Map size
Tiny (2 player)
Population
200
Speed
Normal
Resources
Standard
Victory
Conquest
Starting age
Dark Age
Ending age
Imperial Age
RankedLock teamsTeams togetherTeam positionsShared explorationLock speedFull tech treeHidden civsTurbo modeCheats
Victory
Defeat
🇨🇳 Khitans · China
1189
+15
🇨🇴 Bulgarians · Colombia
1160
-15
LMG_SON SABANDIJAS
6:44 Loom
9:30 Feudal Age
10:24 Double-Bit Axe
化劲省二
7:19 Loom
8:16 Loom
10:37 Feudal Age
11:35 Double-Bit Axe
12:43 Domestication
14:02 Wheelbarrow
15:05 Forging
Connection lost

Rejoining the realm…

Still unreachable

The connection could not be restored.

Session expired

The server has moved on; the page needs a fresh start.